 Dungeon Crawl Stone Soup version 0.23.2-1-ga50397a (webtiles) character file.

Game seed: 13800593720227585724

1932 schauveau the Archer (level 8, -2/70 HPs)
             Began as a Centaur Hunter on May 2, 2019.
             Slain by a killer bee (5 damage)
             ... on level 7 of the Dungeon.
             The game lasted 00:11:22 (7019 turns).

schauveau the Archer (Centaur Hunter)               Turns: 7019, Time: 00:11:23

Health: -2/70      AC:  4    Str: 13 (15) XL:     8   Next: 97%
Magic:  8/8        EV:  9    Int:  8 (10) God:
Gold:   281        SH:  0    Dex:  9 (12) Spells: 7/7 levels left

rFire    . . .     SeeInvis .   a - +1 shortbow
rCold    . . .     Gourm    +   (shield currently unavailable)
rNeg     . . .     Faith    .   c - +0 leather armour
rPois    .         Spirit   .   (no helmet)
rElec    .         Reflect  .   (no cloak)
rCorr    +         Harm     .   (no gloves)
MR       .....                  (no barding)
Stlth    ++........             m - amulet of the gourmand
HPRegen  0.21/turn              e - ring of resist corrosion
MPRegen  0.11/turn              v - ring of stealth

@: very slightly contaminated, hasted, invisible, very quick
A: large, hooves 3, deformed body, speed 2, tough skin 3
a: no special abilities


You were on level 7 of the Dungeon.
You were not hungry.

You visited 2 branches of the dungeon, and saw 9 of its levels.

You collected 281 gold pieces.

Inventory:

Hand Weapons
 a - a +1 shortbow (weapon)
 b - a +0 short sword
 l - a +0 dagger of flaming
 u - a +2 mace of holy wrath
Missiles
 d - 83 arrows (quivered)
 h - 180 stones
 j - 54 sling bullets
Armour
 c - a +0 leather armour (worn)
Jewellery
 e - a ring of resist corrosion (left hand)
 m - an amulet of the gourmand (around neck)
 p - an uncursed ring of fire
 v - a ring of stealth (right hand)
Wands
 i - a wand of random effects (31)
 t - a wand of polymorph (11)
Scrolls
 g - 2 scrolls of teleportation
 n - a scroll of acquirement {unknown}
 q - 2 scrolls of remove curse
 y - 2 scrolls of identify
 B - a scroll of enchant armour {unknown}
 C - a scroll of blinking
Potions
 k - 2 potions of lignification
 z - a potion of cancellation {unknown}
 A - a potion of heal wounds {unknown}
Comestibles
 f - 12 rations


   Skills:
 - Level 6.3 Fighting
 * Level 13.5 Bows
 - Level 1.3 Dodging
 - Level 0.4 Stealth


You had 7 spell levels left.
You didn't know any spells.
Your spell library contained the following spells:

 Spells                   Type           Power        Failure   Level  Hunger
 Summon Small Mammal      Summ           #...         50%         1    ##.....
 Call Imp                 Summ           #.......     63%         2    ###....
 Call Canine Familiar     Summ           #.......     86%         3    ####...
 Summon Guardian Golem    Hex/Summ       #.......     86%         3    ####...
 Summon Ice Beast         Ice/Summ       #.......     99%         4    #####..
 Summon Lightning Spire   Summ/Air       #.......     99%         4    #####..


Dungeon Overview and Level Annotations

Branches:
Dungeon (8/15)             Temple (1/1) D:6
   Lair: D:8-11

Altars:
Ashenzari
Cheibriados
Dithmenos
Fedhas
Gozag
Hepliaklqana
Makhleb
Nemelex Xobeh
Qazlal
Ru
Sif Muna
Trog
Uskayaw
Vehumet
Wu Jian
Xom
Zin
The Shining One

Annotations:
D:5 3 runed translucent doors, Aske's ghost, novice KoBe; Dowan; Duvessa
D:8 Joseph


Innate Abilities, Weirdness & Mutations

You have hooves in place of feet.
Armour fits poorly on your strangely shaped body.
You cover ground very quickly.
You have extremely tough skin. (AC +3)


Message History

The arrow closely misses the killer bee.
The killer bee barely misses you.
Firing (i - inventory. (/) - cycle)
d - 86 arrows (quivered)
Press: ? - help, Shift-Dir - straight line, f/p - killer bee
Aim: a killer bee (heavily wounded)
You shoot an arrow. The arrow misses the killer bee.
The arrow hits the killer bee!
The killer bee is severely wounded.
Firing (i - inventory. (/) - cycle)
d - 85 arrows (quivered)
Press: ? - help, Shift-Dir - straight line, f/p - killer bee
Aim: a killer bee (heavily wounded)
You shoot an arrow.
The arrow barely misses the killer bee. x2
The killer bee stings you but does no damage.
Firing (i - inventory. (/) - cycle)
d - 84 arrows (quivered)
Press: ? - help, Shift-Dir - straight line, f/p - killer bee
Aim: a killer bee (heavily wounded)
You shoot an arrow. The arrow barely misses the killer bee.
The arrow closely misses the killer bee.
The killer bee stings you.
You die...

.................#.#..........#**
#######'#+###.##(#.#..#.#....## *
#........##.##.#.#....#....# *
#........##...(#.##.#.#....# *
**#........#####(#.##.#.##.### *
,,+........+....(#.##.#.##.####**
*##........#####y#.##..........,,
#.........# #y#.####.##.###.##
##[........# #@#.[.............
........##.# #..[.....>......##
........##+#########.....#.##....
...................#.....'.....##
...................#.....#.#.....
...................#.....#.#..###
...................'.......#.....
...................#..........#..
...................####+##....#..


You could see 2 killer bees.

Vanquished Creatures
  An orc warrior (D:7)
  A sky beast (D:6)
  5 ogres
  2 centaurs (D:7)
  2 bullfrogs (D:6)
  A scorpion (D:6)
  4 killer bees (D:7)
  2 howler monkeys (D:5)
  A centaur zombie (D:5)
  2 crimson imps (D:5)
  2 orc priests
  5 orc wizards
  A bullfrog skeleton (D:5)
  2 iguanas
  Jessica (D:3)
  A worker ant (D:4)
  Terence (D:3)
  A worker ant zombie (D:6)
  11 gnolls
  6 adders
  A shadow imp (D:5)
  An ooze (D:1)
  A worm (D:2)
  5 dart slugs
  4 leopard geckos
  20 orcs
  5 giant cockroaches
  8 hobgoblins
  2 jackals (D:3)
  6 kobolds
  4 quokkas
  2 ball pythons (D:1)
  8 bats
  2 frilled lizards
  A giant cockroach zombie (D:5)
  7 goblins
  A quokka skeleton (D:4)
  2 rats
132 creatures vanquished.

Notes
Turn   | Place    | Note
-------+----------+-------------------------------------------
     0 | D:1      | schauveau the Centaur Hunter began the quest for the Orb.
     0 | D:1      | Reached XP level 1. HP: 17/17 MP: 1/1
    86 | D:2      | Found a faded altar of an unknown god.
   155 | D:2      | Reached XP level 2. HP: 15/24 MP: 2/2
   286 | D:3      | Found a radiant altar of Vehumet.
   292 | D:3      | Noticed Terence
   333 | D:3      | Killed Terence
   333 | D:3      | Reached skill level 6 in Bows
   333 | D:3      | Reached XP level 3. HP: 18/30 MP: 3/3
   568 | D:4      | Found a shimmering altar of Xom.
   584 | D:4      | Noticed an ogre
   613 | D:4      | Killed an ogre
   613 | D:4      | Reached skill level 7 in Bows
   613 | D:4      | Reached XP level 4. HP: 15/38 MP: 4/4
   838 | D:4      | Reached XP level 5. HP: 45/45 MP: 5/5
  1042 | D:4      | Reached skill level 8 in Bows
  1228 | D:5      | Entered Level 5 of the Dungeon
  1259 | D:5      | Reached XP level 6. HP: 36/52 MP: 6/6
  1400 | D:5      | Reached skill level 9 in Bows
  1494 | D:5      | Found a sparkling altar of Nemelex Xobeh.
  1641 | D:5      | Reached XP level 7. HP: 46/60 MP: 7/7
  1764 | D:5      | Reached skill level 10 in Bows
  1779 | D:5      | Reached skill level 5 in Fighting
  1788 | D:5      | Found a runed translucent gate.
  1788 | D:5      | Found a runed translucent gate.
  1788 | D:5      | Found a runed translucent gate.
  1800 | D:5      | Noticed Dowan
  1802 | D:5      | Noticed Duvessa
  2440 | D:5      | Noticed Aske's ghost (novice KoBe)
  2686 | D:6      | Found a staircase to the Ecumenical Temple.
  2763 | D:6      | Reached skill level 11 in Bows
  2763 | D:6      | Reached XP level 8. HP: 65/70 MP: 8/8
  2771 | D:6      | Found a blossoming altar of Fedhas.
  3457 | D:7      | Found a sparkling altar of Nemelex Xobeh.
  3791 | Temple   | Entered the Ecumenical Temple
  4256 | D:2      | Reached skill level 12 in Bows
  4457 | D:2      | Found an ornate altar of the Wu Jian Council.
  4457 | D:2      | Found a stormy altar of Qazlal.
  5207 | D:3      | Noticed Jessica
  5210 | D:3      | Killed Jessica
  5289 | D:3      | Found a bloodstained altar of Trog.
  5915 | D:7      | Reached skill level 13 in Bows
  6383 | D:8      | Noticed Joseph
  7013 | D:7      | HP: 1/70 [killer bee (3)]
  7019 | D:7      | Slain by a killer bee

Skill      XL: |  1  2  3  4  5  6  7  8 |
---------------+-------------------------+-----
Bows           | 6 7 8 9 11 13 | 13.5
Fighting       | 3 4 5 6 |  6.3
Dodging        | |  1.3
Stealth        | |  0.4

Action                   |  1- 3 |  4- 6 |  7- 9 || total
-------------------------+-------+-------+-------++-------
Melee: Short sword       |    23 |       |       ||    23
       Kick              |     1 |       |       ||     1
 Fire: Shortbow          |    32 |   124 |   370 ||   526
  Use: Scroll            |     1 |       |     9 ||    10
       Potion            |       |       |     5 ||     5
  Eat: Chunk             |       |     9 |     5 ||    14
Armor: Leather armour    |     9 |     9 |    20 ||    38
Dodge: Dodged            |    19 |    22 |    43 ||    84
